 Dungeon Crawl Stone Soup version 0.29.1-12-g30fa7ad0bf (webtiles) character file.

Game seed: 503822529514939546

1651 xSliceyx the Thaumaturge (level 9, -10/63 HPs)
             Began as a Djinni Hedge Wizard on Dec 22, 2022.
             Killed by divine providence
             ... invoked by an orc priest
              (13 damage)
             ... on level 7 of the Dungeon.
             The game lasted 00:27:09 (7516 turns).

xSliceyx the Thaumaturge (Djinni Hedge Wizard)      Turns: 7516, Time: 00:27:10

Health: -10/63     AC: 16    Str:  9    XL:     9   Next: 19%
Gold:   402        EV: 12    Int: 23    God:
                   SH:  0    Dex: 13

rFire   + . .      SeeInvis +   v - +2 whip (vamp)
rCold   . . .      Faith    .   (no shield)
rNeg    + + .      Spirit   .   b - +0 robe
rPois   ∞          Reflect  .   r - +2 helmet {Int+3}
rElec   .          Harm     .   F - +0 cloak
rCorr   .          Rampage  .   m - +0 pair of gloves
Will    .....                   (boots unavailable)
Stlth   ++........              (no amulet)
HPRegen 0.20/turn               d - ring of Wozeudu {rN++ SInv}
MPRegen 0.00/turn               u - ring of ice

@: mighty, ice-armoured, flying
A: sickness immunity, fire resistance 2, cold vulnerability 1, float, innate
caster, HP casting, extra vitality 1
a: no special abilities


You were on level 7 of the Dungeon.
You visited 1 branch of the dungeon, and saw 7 of its levels.
You also visited: Sewer.

You collected 402 gold pieces.

Inventory:

Hand Weapons
 v - a +2 vampiric whip (weapon)
Missiles
 y - 5 poisoned darts
Armour
 b - a +0 robe (worn)
 m - a +0 pair of gloves (worn)
 r - a +2 helmet of intelligence (worn)
 F - a +0 cloak (worn)
Magical Staves
 s - a staff of death
Jewellery
 d - the ring of Wozeudu (left hand) {rN++ SInv}
   (You acquired it on level 4 of the Dungeon)

   [ring of see invisible]

   rN:        It greatly protects you from negative energy.
   SInv:      It lets you see invisible.
 o - a ring of willpower
 u - a ring of ice (right hand)
 w - a +4 ring of evasion
Wands
 j - a wand of paralysis (2)
 E - a wand of flame (2)
Scrolls
 a - 2 scrolls of teleportation
 f - 2 scrolls of magic mapping
 g - 2 scrolls of butterflies
 n - 2 scrolls of noise
 p - 3 scrolls of enchant weapon
 x - a scroll of poison
 C - a scroll of brand weapon
 G - a scroll of blinking {unknown}
 H - a scroll of identify
Potions
 c - a potion of attraction {unknown}
 e - a potion of haste {unknown}
 h - 2 potions of curing
 i - a potion of might
 k - a potion of lignification {unknown}
 l - 3 potions of flight
 q - a potion of mutation {unknown}
 t - a potion of degeneration {unknown}
 z - a potion of brilliance {unknown}
 A - a potion of cancellation {unknown}
 B - a potion of magic {unknown}
 D - a potion of ambrosia {unknown}


   Skills:
 * Level 4.7 Fighting
 - Level 2.1 Dodging
 - Level 1.5 Stealth
 - Level 8.0 Spellcasting


You had 2 spell levels left.
You knew the following spells:

 Your Spells              Type           Power      Damage    Failure   Level
a - Magic Dart            Conj           100%       1d8       1%          1
b - Blink                 Tloc           92%        N/A       1%          2
c - Call Imp              Summ           46%        N/A       1%          2
d - Slow                  Hex            100%       N/A       1%          1
e - Conjure Flame         Conj/Fire      46%        6-21      1%          3
f - Mephitic Cloud        Conj/Pois/Air  46%        N/A       1%          3
g - Beastly Appendage     Tmut           92%        N/A       1%          1
h - Ensorcelled Hibernat  Hex/Ice        100%       N/A       1%          2
i - Ozocubu's Armour      Ice            62%        N/A       1%          3
j - Corpse Rot            Necr/Pois/Air  46%        N/A       2%          4
Your spell library was empty.

Dungeon Overview and Level Annotations

Branches:
Dungeon (7/15)              Sewer (visited)
 Temple: D:4-7

Altars:
Ashenzari
Hepliaklqana
The Shining One


Innate Abilities, Weirdness & Mutations

You are immune to sickness and miasma.
You are immune to poison.
Your flesh is very heat resistant. (rF++)
You are vulnerable to cold. (rC-)
You float through the air rather than walking.
You learn spells naturally, not from books.
Your magical power is your life essence.
You have superior vitality. (+4 MHP)


Message History

The orc priest hits you but does no damage.
Joseph unwields a +0 sling.
Joseph wields a +0 quarterstaff.
Joseph misses you.
The orc priest hits you but does no damage.
Unknown command.
Unknown command.
You barely miss Joseph.
Joseph is severely wounded.
Joseph hits you with a +0 quarterstaff.
* * * LOW HITPOINT WARNING * * *
The orc priest closely misses you.
Unknown command.
Unknown command.
You barely miss Joseph.
Joseph is severely wounded.
Joseph drinks a potion.
Joseph is healed!
The orc priest misses you.
Unknown command.
You hit Joseph.
Joseph is severely wounded.
Your miasmic aura fades.
Joseph closely misses you.
The orc priest hits you but does no damage.
Unknown command.
You whack Joseph!
You feel better.
Joseph is almost dead.
Joseph hits you with a +0 quarterstaff!
* * * LOW HITPOINT WARNING * * *
The orc priest barely misses you.
Unknown command.
You closely miss Joseph.
Joseph is almost dead.
Joseph closely misses you.
The orc priest hits you but does no damage.
You whack Joseph!
Joseph is almost dead.
Joseph hits you but does no damage. The orc priest barely misses you.
You whack Joseph!
You kill Joseph!
The orc priest mumbles some strange prayers to Beogh against you.
Beogh smites you!
You die...

....... .. ....... ..
...... .#### .....
..#.# . #... ....#..
##...#.......
#.#.)o.......... ...
###.#.)@......... ....
#............... ....
##....))#......## .....
##.....##......####...<
##....?###....#.#...#.
#......##............
##.....>.............
##..................
#...<..#....##.....


You could see an orc priest.

Vanquished Creatures
  Pikel (D:6)
  Joseph (D:7)
  A water moccasin (D:7)
  A black bear (D:5)
  An ogre (D:5)
  A centaur (D:5)
  A kobold brigand (Sewer)
  A scorpion (D:6)
  A hound (D:6)
  An orc priest (D:6)
  An iguana (D:7)
  4 orc wizards
  8 adders
  5 river rats
  2 shadow imps
  3 ufetubi
  A worm (D:4)
  2 dart slugs
  9 orcs
  9 endoplasms
  4 giant cockroaches
  7 goblins
  9 hobgoblins
  4 jackals
  4 kobolds
  2 quokkas (D:1)
  11 ball pythons
  5 bats
  3 frilled lizards
  10 rats
113 creatures vanquished.

Vanquished Creatures (collateral kills)
  A bullfrog (D:7)
  A scorpion (D:7)
  An orc priest (D:7)
  Crazy Yiuf (D:2)
  An orc wizard (D:7)
  2 adders (D:5)
  A river rat (Sewer)
  5 orcs
  A ball python (D:4)
  A giant cockroach (D:4)
  2 jackals (D:2)
  A rat (Sewer)
18 creatures vanquished.

Grand Total: 131 creatures vanquished

Notes
Turn   | Place    | Note
-------+----------+-------------------------------------------
     0 | D:1      | xSliceyx the Djinni Hedge Wizard began the quest for the
                  | Orb.
     0 | D:1      | xSliceyx set off with the following spells memorised: Magic
                  | Dart, Blink, Call Imp, Slow, Conjure Flame, Mephitic Cloud.
     0 | D:1      | Reached XP level 1. HP: 15/15 MP: 0/0
   213 | D:1      | Reached XP level 2. HP: 9/21 MP: 0/0
   570 | D:1      | Reached skill level 3 in Spellcasting
   840 | D:1      | Reached XP level 3. HP: 24/25 MP: 0/0
   840 | D:1      | Learned a level 1 spell: Beastly Appendage
  1210 | D:1      | Found a faded altar of an unknown god.
  1744 | D:2      | Reached XP level 4. HP: 11/31 MP: 0/0
  2084 | D:2      | Found a runed translucent door.
  2085 | D:2      | Noticed Crazy Yiuf
  3220 | D:3      | Reached skill level 4 in Spellcasting
  3403 | D:4      | Identified a scroll of acquirement
  3407 | D:4      | Acquired the ring of Wozeudu {rN++ SInv}
  3445 | D:4      | Reached XP level 5. HP: 29/35 MP: 0/0
  3445 | D:4      | Learned a level 2 spell: Ensorcelled Hibernation
  3481 | D:4      | Found a glowing drain.
  3643 | Sewer    | Entered a sewer
  3842 | Sewer    | Noticed a kobold brigand
  3854 | Sewer    | Killed a kobold brigand
  3855 | Sewer    | Reached skill level 5 in Spellcasting
  3855 | Sewer    | Reached XP level 6. HP: 21/40 MP: 0/0
  4017 | Sewer    | Found a white marble altar of Elyvilon.
  4541 | D:5      | Entered Level 5 of the Dungeon
  4541 | D:5      | Noticed an ogre
  4556 | D:5      | Killed an ogre
  4580 | D:5      | Reached XP level 7. HP: 35/45 MP: 0/0
  4580 | D:5      | Learned a level 3 spell: Ozocubu's Armour
  4929 | D:5      | Reached skill level 6 in Spellcasting
  5192 | D:5      | Found a broken altar of Ashenzari.
  5530 | D:5      | Found a glowing golden altar of the Shining One.
  5668 | D:5      | Found a hazy altar of Hepliaklqana.
  5822 | D:2      | Killed Crazy Yiuf
  6002 | D:6      | Noticed Pikel
  6014 | D:6      | Killed Pikel
  6015 | D:6      | Reached skill level 7 in Spellcasting
  6015 | D:6      | Reached XP level 8. HP: 33/50 MP: 0/0
  6029 | D:6      | Reached skill level 8 in Spellcasting
  6623 | D:6      | Reached skill level 1 in Fighting
  7199 | D:7      | Reached XP level 9. HP: 31/61 MP: 0/0
  7199 | D:7      | Learned a level 4 spell: Corpse Rot
  7495 | D:7      | Noticed Joseph
  7513 | D:7      | HP: 3/63 [Joseph/+0 quarterstaff (12)]
  7516 | D:7      | Killed Joseph
  7516 | D:7      | Killed from afar by an orc priest

Illustrated notes

Levels and vault maps discovered:
D:1:      wheals_arrival_shading, layout_rooms, basic_ecumenical_altar
D:2:      layout_rooms, uniq_crazy_yiuf_cottage
D:3:      layout_basic, nicolae_overflow_crystal_walls
D:4:      layout_basic, portal_sewer_entry_c
D:5:      layout_cave_pools, mainiacjoe_overflow_concentric_impassable,
          ashenzari_altar_1, nicolae_hepliaklqana_hippocampus,
          hangedman_abyss_or_decor_lesser_grid
D:6:      layout_rooms, serial_shops, nicolae_diamond_shop,
          minmay_misc_feat_tower, uniq_pikel
D:7:      layout_cave_pools, temple_pool_b, uniq_joseph

Skill      XL: |  1  2  3  4  5  6  7  8  9 |
---------------+----------------------------+-----
Spellcasting   | 3 4 5 7 8 |  8.0
Fighting       | 3 4 |  4.7
Dodging        | |  2.1
Stealth        | |  1.5

Action                   |  1- 3 |  4- 6 |  7- 9 || total
-------------------------+-------+-------+-------++-------
Melee: Dagger            |     5 |     6 |       ||    11
       Headbutt          |       |     7 |     4 ||    11
       Punch             |       |     1 |     1 ||     2
       Whip              |       |    20 |    47 ||    67
 Cast: Magic Dart        |    94 |    88 |    85 ||   267
       Call Imp          |     1 |     6 |     8 ||    15
       Beastly Appendage |     1 |     2 |     6 ||     9
       Slow              |       |     2 |    14 ||    16
       Mephitic Cloud    |       |     1 |    11 ||    12
       Ozocubu's Armour  |       |       |     8 ||     8
       Conjure Flame     |       |       |     1 ||     1
       Blink             |       |       |     1 ||     1
       Ensorcelled Hiber |       |       |     2 ||     2
       Corpse Rot        |       |       |     1 ||     1
  Use: Scroll            |       |     9 |     3 ||    12
       Potion            |       |       |     1 ||     1
 Stab: Confused          |       |       |     3 ||     3
       Distracted        |       |       |     1 ||     1
Armor: Robe              |     3 |     7 |    31 ||    41
Dodge: Dodged            |    13 |    16 |    54 ||    83
